 Dungeon Crawl Stone Soup version 0.30.0-5-g1a98f26d00 (webtiles) character file.

Game seed: 3359640496714306479

56 bobo the Skirmisher (level 3, -2/31 HPs)
             Began as a Gnoll Wanderer on May 10, 2023.
             Was a Believer of Jiyva.
             Slain by a black bear (4 damage)
             ... on level 2 of the Dungeon.
             The game lasted 00:04:22 (1333 turns).

bobo the Skirmisher (Gnoll Wanderer)                Turns: 1333, Time: 00:04:23

Health: -2/31      AC:  4    Str: 12    XL:     3   Next: 95%
Magic:  4/4        EV: 11    Int:  7    God:    Jiyva [**....]
Gold:   83         SH:  0    Dex: 16    Spells: 4/4 levels left

rFire   . . .        a - +3 hand axe
rCold   . . .        (no shield)
rNeg    . . .        d - +1 leather armour
rPois   .            (no helmet)
rElec   .            (no cloak)
rCorr   +            (no gloves)
SInv    .            (no boots)
Will    .....        (no amulet)
Stlth   ++           (no ring)
HPRegen 1.21/turn    (no ring)
MPRegen 0.39/turn

%: no passive effects
@: no status effects
A: fangs 1, strong nose, distributed training
a: Renounce Religion


You were on level 2 of the Dungeon.
You worshipped Jiyva.
Jiyva was pleased with you.
You visited 1 branch of the dungeon, and saw 2 of its levels.

You collected 83 gold pieces.

Inventory:

Hand Weapons
 a - a +3 hand axe (weapon)
 f - a +3 dagger
 s - a +0 sling
Armour
 d - a +1 leather armour (worn)
 g - a +0 buckler
Scrolls
 c - a scroll of vulnerability
Potions
 i - a potion of curing
 j - a potion of attraction {unknown}
 k - a potion of might {unknown}
 l - a potion of heal wounds {unknown}


   Skills:
 + Level 4.6 Fighting
 + Level 1.0 Short Blades
 + Level 1.0 Long Blades
 + Level 8.5 Axes
 + Level 1.0 Maces & Flails
 + Level 1.0 Polearms
 + Level 1.0 Staves
 + Level 8.5 Ranged Weapons
 + Level 1.0 Throwing
 + Level 1.0 Armour
 + Level 1.0 Dodging
 + Level 1.0 Stealth
 + Level 1.0 Shields
 + Level 1.0 Unarmed Combat
 + Level 1.0 Spellcasting
 + Level 0.7 Conjurations
 + Level 0.7 Hexes
 + Level 0.7 Summonings
 + Level 0.7 Necromancy
 + Level 0.7 Translocations
 + Level 0.7 Transmutations
 + Level 0.7 Fire Magic
 + Level 0.7 Ice Magic
 + Level 0.7 Air Magic
 + Level 0.7 Earth Magic
 + Level 0.7 Poison Magic
 + Level 1.1 Invocations
 + Level 1.0 Evocations


You had 4 spell levels left.
You didn't know any spells.
Your spell library was empty.

Dungeon Overview and Level Annotations

Branches:
Dungeon (2/15)

Altars:
Jiyva


Innate Abilities, Weirdness & Mutations

You have very sharp teeth.
Your uncanny sense of smell can sniff out nearby items.
Your experience applies equally to all skills.


Message History

The black bear claws you but does no damage.
The black bear claws you.
You hit the black bear.
The black bear is severely wounded.
You hit the black bear but do no damage.
The black bear is severely wounded.
The black bear bites you.
The black bear claws you but does no damage.
The black bear barely misses you.
You hit the black bear. Your bite misses the black bear.
The black bear is severely wounded.
You hear a distant slurping noise.
The black bear bites you. The black bear claws you.
The black bear closely misses you.
You hit the black bear.
You bite the black bear, but do no damage.
The black bear is almost dead.
The black bear goes berserk!
You barely miss the black bear.
The black bear is almost dead.
The black bear bites you.
* * * LOW HITPOINT WARNING * * *
The black bear claws you but does no damage.
The black bear closely misses you.
You hit the black bear but do no damage.
The black bear is almost dead.
The black bear bites you.
* * * LOW HITPOINT WARNING * * *
The black bear closely misses you. The black bear claws you.
* * * LOW HITPOINT WARNING * * *
The black bear misses you. The black bear claws you.
* * * LOW HITPOINT WARNING * * *
The black bear closely misses you.
The air fills with toxic fumes!
As you read the scroll labelled WAYLOAPTONG, it crumbles to dust.
It was a scroll of poison.
The black bear bites you but does no damage.
The black bear claws you but does no damage.
The black bear claws you.
You die...

..................#
..#####...##...#####
. #...##...# ##
#...##...# #§
#...##...# #§
#...###### #§ #####
#h###### #§@§§§§#
####§§§# #.§§# #..§#
#### #...# #...
#...# #... #...#
######... ######...#
#........
........###
#.....#..


You could see a black bear (berserk).

Vanquished Creatures
  An adder (D:2)
  A dart slug (D:1)
  3 endoplasms
  2 giant cockroaches (D:2)
  A goblin (D:1)
  8 hobgoblins
  6 jackals (D:1)
  6 ball pythons
  2 bats
  2 frilled lizards (D:1)
  4 kobolds (D:2)
  3 rats (D:2)
39 creatures vanquished.

Notes
Turn   | Place    | Note
-------+----------+-------------------------------------------
     0 | D:1      | bobo the Gnoll Wanderer began the quest for the Orb.
     0 | D:1      | bobo set off with the following items: a +3 hand axe, a +0
                  | sling, a scroll of vulnerability, a +0 leather armour.
     0 | D:1      | Reached XP level 1. HP: 20/20 MP: 1/1
   177 | D:1      | Reached XP level 2. HP: 25/26 MP: 2/2
   542 | D:1      | Reached XP level 3. HP: 31/31 MP: 3/3
   803 | D:2      | Found a faded altar of an unknown god.
   812 | D:2      | Reached skill level 1 in Invocations
   827 | D:2      | Prayed at the altar of an unknown god.
   827 | D:2      | Became a worshipper of Jiyva Jonkot the Shapeless
   827 | D:2      | Reached * piety under Jiyva
   875 | D:2      | Reached skill level 1 in Short Blades
   875 | D:2      | Reached skill level 1 in Long Blades
   875 | D:2      | Reached skill level 1 in Maces & Flails
   875 | D:2      | Reached skill level 1 in Polearms
   875 | D:2      | Reached skill level 1 in Staves
   875 | D:2      | Reached skill level 1 in Throwing
   875 | D:2      | Reached skill level 1 in Armour
   875 | D:2      | Reached skill level 1 in Dodging
   875 | D:2      | Reached skill level 1 in Stealth
   875 | D:2      | Reached skill level 1 in Shields
   875 | D:2      | Reached skill level 1 in Unarmed Combat
   875 | D:2      | Reached skill level 1 in Spellcasting
   875 | D:2      | Reached skill level 1 in Evocations
  1018 | D:2      | Noticed a black bear
  1312 | D:2      | Reached ** piety under Jiyva
  1332 | D:2      | HP: 1/31 [black bear (4)]
  1333 | D:2      | Slain by a black bear

Illustrated notes

Levels and vault maps discovered:
D:1:      amcnicky_arrival_choice, layout_basic
D:2:      layout_basic, ebering_ecumenical_altar_rust

Skill      XL: |  1  2  3 |
---------------+----------+-----
Invocations    | 1 |  1.1
Short Blades   | 1 |  1.0
Long Blades    | 1 |  1.0
Maces & Flails | 1 |  1.0
Polearms       | 1 |  1.0
Staves         | 1 |  1.0
Throwing       | 1 |  1.0
Armour         | 1 |  1.0
Dodging        | 1 |  1.0
Stealth        | 1 |  1.0
Shields        | 1 |  1.0
Unarmed Combat | 1 |  1.0
Spellcasting   | 1 |  1.0
Evocations     | 1 |  1.0
Fighting       | |  4.6
Axes           | |  8.5
Ranged Weapons | |  8.5
Conjurations   | |  0.7
Hexes          | |  0.7
Summonings     | |  0.7
Necromancy     | |  0.7
Translocations | |  0.7
Transmutations | |  0.7
Fire Magic     | |  0.7
Ice Magic      | |  0.7
Air Magic      | |  0.7
Earth Magic    | |  0.7
Poison Magic   | |  0.7

Action                     || total
---------------------------++-------
  Melee: Hand axe          ||    33
         Bite              ||     2
   Fire: Sling             ||    98
    Use: Scroll            ||     5
 Armour: Leather armour    ||    19
  Dodge: Dodged            ||    22
